 Dungeon Crawl Stone Soup version 0.28.0-62-gf88900778d (webtiles) character file.

Game seed: 17280426077973751155

7532 cbfl8 the Cleaver (level 10, -5/121 HPs)
             Began as a Minotaur Fighter on Jan 18, 2024.
             Was a Believer of Hepliaklqana.
             Slain by a troll (8 damage)
             ... on level 10 of the Dungeon.
             The game lasted 00:10:52 (12329 turns).

cbfl8 the Cleaver (Minotaur Fighter)               Turns: 12329, Time: 00:10:53

Health: -5/121     AC: 25    Str: 22    XL:     10   Next: 96%
Magic:  9/9        EV:  2    Int:  5    God:    Hepliaklqana [**....]
Gold:   575        SH: 11    Dex: 13    Spells: 9/9 levels left

rFire   . . .      SeeInvis .   a - +0 war axe
rCold   . . .      Faith    .   c - +0 buckler
rNeg    . . .      Spirit   .   (armour currently unavailable)
rPois   +          Reflect  +   (helmet currently unavailable)
rElec   .          Harm     .   (cloak currently unavailable)
rCorr   .          Rampage  .   (gloves currently unavailable)
Will    .....      NoTele   +   (boots currently unavailable)
Stlth   +.........              l - amulet of reflection
HPRegen 0.30/turn               (no ring)
MPRegen 0.11/turn               (no ring)

@: tree-form, very slow
A: stationary, stasis, torment immunity, boosted hp, reduced essence, (horns 2),
(retaliatory headbutt)
a: Renounce Religion, Recall Ancestor, Ancestor Identity


You were on level 10 of the Dungeon.
You worshipped Hepliaklqana.
Hepliaklqana was pleased with you.
You were a tree.
You visited 2 branches of the dungeon, and saw 11 of its levels.
You also visited: Ossuary.

You collected 608 gold pieces.
You spent 33 gold pieces at shops.

Inventory:

Hand Weapons
 a - a +0 war axe (weapon)
Missiles
 k - 3 throwing nets
Armour
 c - a +0 buckler (worn)
 f - a +0 plate armour (melded)
 j - a +0 cloak (melded)
Jewellery
 l - an amulet of reflection (around neck)
Wands
 n - a wand of flame (6) (quivered)
 w - a wand of iceblast (4)
Scrolls
 e - 7 scrolls of teleportation
 i - 4 scrolls of noise
 m - a scroll of holy word {unknown}
 q - a scroll of fog
 r - 2 scrolls of silence
 t - a scroll of vulnerability {unknown}
 u - a scroll of enchant weapon {unknown}
 x - a scroll of blinking {unknown}
 y - a scroll of enchant armour {unknown}
 A - a scroll of brand weapon {unknown}
 B - a scroll of acquirement {unknown}
Potions
 b - 4 potions of lignification
 d - 3 potions of might
 g - 5 potions of heal wounds {unknown}
 h - 3 potions of curing
 o - a potion of resistance {unknown}
 p - 2 potions of flight {unknown}
 s - a potion of brilliance {unknown}
 v - 2 potions of attraction {unknown}
Miscellaneous
 z - a tin of tremorstones (2/2)


   Skills:
 + Level 8.4 Fighting
 + Level 12.2 Axes
 + Level 9.7 Armour
 + Level 8.0 Shields
 * Level 6.7 Evocations


You had 9 spell levels left.
You didn't know any spells.
Your spell library contained the following spells:

 Spells                   Type           Power      Damage    Failure   Level
 Animate Skeleton         Necr           0%         N/A       54%         1
 Pain                     Necr           0%         1d4       54%         1
 Shock                    Conj/Air       0%         1d3       54%         1
 Swiftness                Air            0%         N/A       89%         3
 Vampiric Draining        Necr           0%         2d6       89%         3
 Airstrike                Air            0%         N/A       100%        4


Dungeon Overview and Level Annotations

Branches:
Dungeon (10/15)            Temple (1/1) D:7            Lair (0/6) D:10
Ossuary (visited)
    Orc: D:9-12

Altars:
Ashenzari
Cheibriados
Dithmenos
Elyvilon
Hepliaklqana
Kikubaaqudgha
Makhleb
Nemelex Xobeh
Okawaru
Ru
Sif Muna
Trog
Uskayaw
Xom
Yredelemnul
Zin

Shops:
D:2 *

Annotations:
D:3 2 transporters


Innate Abilities, Weirdness & Mutations

You are a tree.
Your roots penetrate the ground, keeping you stationary.
You cannot be teleported.
You are immune to unholy pain and torment.
Your maximum health is greatly increased.
Your equipment is partially melded.
Your life essence is reduced to manifest your ancestor. (-10% HP)
((You have a pair of horns on your head.))
((You reflexively headbutt those who attack you in melee.))


Message History

The hound bites you but does no damage. x2
The hound splashes around in the water.
You block the hound's attack.
An electric eel comes into view.
You are engulfed in a cloud of scalding steam.
The hound bites you but does no damage. You block the troll's attack. x2
The troll barely misses you.
The electric eel shoots out a bolt of lightning at you!
The bolt of electricity hits the electric eel.
The electric eel completely resists.
The bolt of electricity hits you!
* * * LOW HITPOINT WARNING * * *
The hound bites you but does no damage. x2; The hound bites you.
* * * LOW HITPOINT WARNING * * *
The hound bites you but does no damage. The troll completely misses you.
The troll claws you.
* * * LOW HITPOINT WARNING * * *
The troll claws you but does no damage. The hound bites you.
* * * LOW HITPOINT WARNING * * *
You see here an electric eel corpse.
You miss the electric eel. You headbutt the electric eel.
The electric eel is moderately wounded.
You slash the hound!
You kill the hound!
You closely miss the hound. You slash the hound! You hit the troll.
You hit the hound.
You kill the hound!
You are engulfed in a cloud of scalding steam.
The hound closely misses you. You furiously retaliate!
You headbutt the hound!
You kill the hound!
The hound bites you but does no damage. The troll barely misses you.
The troll claws you!
* * * LOW HITPOINT WARNING * * *
The troll claws you.
* * * LOW HITPOINT WARNING * * *
Your Shields skill increases to level 8!
It was a potion of lignification.
You turn into a tree.
Your +0 cloak melds into your body.
Your +0 plate armour melds into your body.
Your roots penetrate the ground.
You block the hound's attack. You block the troll's attack.
The troll claws you!
You die...

...≈≈≈≈.≈≈≈≈.≈≈
..≈≈.≈≈≈≈....S.≈
##...≈≈≈≈..>.....
....≈≈.≈≈S...≈≈.≈
......≈≈≈..≈...≈≈
#..≈..≈≈≈≈..≈≈≈≈
###....≈≈≈S≈≈≈≈≈≈≈
#......≈..♣†≈≈≈≈..
#.....≈...hT......
#...............
..#.#......##########
# #......#........#
#.#....#.....##.# #..
#......#.###'##.####.#
#....#.#.###.##....#..
#.#....#...........#..


You could see a troll, a hound and 3 electric eels.

Vanquished Creatures
  A two-headed ogre (D:9)
  A hornet (D:9)
  5 yaks
  A wraith (Ossuary)
  Menkaure (D:7)
  2 steam dragons
  3 water moccasins
  3 ice beasts
  A hornet zombie (D:6)
  An orc warrior (D:10)
  A black bear (D:8)
  A necrophage (D:4)
  A sky beast (D:7)
  A wolf (D:10)
  4 centaurs
  2 ogres (D:6)
  A phantom (D:6)
  2 bullfrogs
  A wyvern zombie (D:7)
  2 scorpions
  A wyvern skeleton (D:7)
  4 killer bees (D:9)
  3 wights (D:9)
  2 howler monkeys (D:9)
  3 electric eels
  2 centaur zombies
  2 bullfrog zombies (D:5)
  2 centaur skeletons
  5 hounds (D:10)
  4 iguanas
  2 jellies
  6 orc priests
  A gnoll shaman (D:6)
  3 orc wizards
  2 killer bee zombies
  A hound zombie (D:5)
  A hound skeleton (D:4)
  A mummy (Ossuary)
  6 adders
  A gnoll (D:4)
  A howler monkey skeleton (D:7)
  2 white imps
  2 ufetubi (D:6)
  8 worms
  A dart slug (D:1)
  22 orcs
  6 ball pythons
  5 endoplasms
  8 giant cockroaches
  7 goblins
  10 hobgoblins
  7 jackals
  9 kobolds
  A quokka (D:3)
  6 bats
  3 frilled lizards
  5 gnoll skeletons (Ossuary)
  8 kobold skeletons (Ossuary)
  12 orc skeletons (Ossuary)
  8 rats
218 creatures vanquished.

Vanquished Creatures (collateral kills)
  A two-headed ogre (D:9)
  A wyvern (D:9)
  6 yaks
  A kobold brigand (D:9)
  2 killer bees (D:9)
  A wight (D:9)
  A howler monkey (D:9)
  An electric eel (D:10)
  An orc wizard (D:8)
  A kobold (D:9)
16 creatures vanquished.

Vanquished Creatures (others)
  A battlemage (D:10)
1 creature vanquished.

Grand Total: 235 creatures vanquished

Notes
Turn   | Place    | Note
-------+----------+-------------------------------------------
     0 | D:1      | cbfl8 the Minotaur Fighter began the quest for the Orb.
     0 | D:1      | Reached XP level 1. HP: 19/19 MP: 0/0
    56 | D:1      | Reached XP level 2. HP: 27/27 MP: 1/1
   119 | D:1      | Found a faded altar of an unknown god.
   533 | D:1      | Reached skill level 3 in Axes
   617 | D:1      | Reached XP level 3. HP: 33/33 MP: 2/2
  1778 | D:2      | Found Tead's General Store.
  1787 | D:2      | Bought a scroll of teleportation for 33 gold pieces
  1877 | D:3      | Found a transporter.
  2019 | D:3      | Reached XP level 4. HP: 35/40 MP: 3/3
  2470 | D:3      | Found a transporter.
  2506 | D:3      | Found a broken altar of Ashenzari.
  2822 | D:3      | Reached skill level 1 in Evocations
  3179 | D:3      | Reached skill level 4 in Axes
  3345 | D:4      | Reached XP level 5. HP: 42/47 MP: 4/4
  3433 | D:4      | Noticed an ice beast
  3439 | D:4      | Killed an ice beast
  3440 | D:4      | Reached skill level 5 in Axes
  3440 | D:4      | Reached XP level 6. HP: 53/53 MP: 5/5
  3462 | D:4      | Reached skill level 5 in Armour
  4061 | D:4      | Reached skill level 6 in Axes
  4287 | D:5      | Entered Level 5 of the Dungeon
  4321 | D:5      | Reached XP level 7. HP: 58/60 MP: 6/6
  4383 | D:5      | Reached skill level 5 in Fighting
  4547 | D:5      | Found an iron altar of Okawaru.
  5091 | D:5      | Found a shadowy altar of Dithmenos.
  5199 | D:6      | Reached skill level 7 in Axes
  5221 | D:6      | Reached skill level 5 in Shields
  5229 | D:6      | Reached XP level 8. HP: 53/69 MP: 7/7
  5307 | D:6      | Found a glowing silver altar of Zin.
  5351 | D:6      | Noticed a five-headed hydra
  6643 | D:6      | Reached skill level 8 in Axes
  7648 | D:7      | Noticed Menkaure
  7649 | D:7      | Found a staircase to the Ecumenical Temple.
  7656 | D:7      | Killed Menkaure
  7661 | Temple   | Entered the Ecumenical Temple
  7667 | Temple   | Became a worshipper of Hepliaklqana the Forgotten
  7755 | D:7      | Found a sand-covered staircase.
  7786 | Ossuary  | Entered an ossuary
  8005 | Ossuary  | Reached skill level 9 in Axes
  8005 | Ossuary  | Reached XP level 9. HP: 28/75 MP: 8/8
  8820 | D:7      | Found a white marble altar of Elyvilon.
  9402 | D:7      | Reached skill level 10 in Axes
  9402 | D:7      | Reached skill level 5 in Evocations
  9600 | D:8      | Reached * piety under Hepliaklqana
 10019 | D:8      | Found an ancient bone altar of Kikubaaqudgha.
 10323 | D:9      | Found a burning altar of Makhleb.
 10501 | D:9      | Reached XP level 10. HP: 56/77 MP: 9/9
 10703 | D:9      | Reached ** piety under Hepliaklqana
 10704 | D:9      | Remembered your ancestor Valentine as a battlemage
 10717 | D:9      | Reached skill level 11 in Axes
 11019 | D:9      | Noticed a two-headed ogre
 11026 | D:9      | Killed a two-headed ogre
 11164 | D:9      | Noticed a two-headed ogre
 11171 | D:9      | Killed a two-headed ogre
 11718 | D:10     | Entered Level 10 of the Dungeon
 12040 | D:10     | Reached skill level 12 in Axes
 12262 | D:10     | Found a sacrificial altar of Ru.
 12314 | D:10     | Found a staircase to the Lair.
 12328 | D:10     | HP: 2/81 [troll (5)]
 12329 | D:10     | Slain by a troll

Illustrated notes

Levels and vault maps discovered:
D:1:      mrwooster_arrival_arrow, layout_basic, nicolae_ecumenical_lake_church
D:2:      layout_loops_cross, serial_shops, nicolae_lakefront_shop
D:3:      gammafunk_steamed_eel, layout_basic, evilmike_ruin_ashenzari,
          nicolae_concentric_dashed_squares_mild, corexii_leaking_fountain
D:4:      minmay_chambers_of_twos, layout_cave_pools, kennysheep_flooded_box,
          grunt_decor_mini_mirrors, grunt_decor_resistance
D:5:      layout_loops_ring, lemuel_coloured_pillars_altar, kennysheep_mini,
          minmay_misc_feat_secret_circle, grunt_ministairs_3
D:6:      minmay_opposing_rooms, layout_loops_corners,
          mainiacjoe_overflow_boulevard
D:7:      layout_loops_ring, nicolae_elyvilon_peaceful_grove, temple_doors_cd,
          enter_ossuary_1, serial_bayou_ford_a, uniq_menkaure
D:8:      layout_loops_ring, nicolae_kikubaaqudgha_miasma_corner
D:9:      layout_long_grid, overflow_temple_1_default
D:10:     layout_stronghold, nicolae_ru_the_path_less_chosen, erik_lair_island
Temple:   eino_narrow_crystal_temple

Skill      XL: |  1  2  3  4  5  6  7  8  9 10 |
---------------+-------------------------------+-----
Armour         | 4 5 7 8 9 |  9.7
Fighting       | 4 5 6 7 8 |  8.4
Axes           | 3 4 5 6 7 9 10 12 | 12.2
Shields        | 4 5 6 7 8 |  8.0
Evocations     | 1 2 3 4 5 6 |  6.7

Action                   |  1- 3 |  4- 6 |  7- 9 | 10-12 || total
-------------------------+-------+-------+-------+-------++-------
Melee: War axe           |    94 |   115 |   311 |    81 ||   601
       Headbutt          |     8 |    16 |    51 |    11 ||    86
Invok: Ancestor Identity |       |       |     1 |       ||     1
       Ancestor Life: Ba |       |       |       |     1 ||     1
Evoke: Wand              |       |       |     4 |     4 ||     8
  Use: Scroll            |       |     3 |     7 |       ||    10
       Potion            |       |     1 |       |     1 ||     2
 Stab: Distracted        |       |       |     1 |     2 ||     3
Armor: Scale mail        |     6 |       |       |       ||     6
       Plate armour      |    68 |    98 |   179 |    52 ||   397
Dodge: Dodged            |    26 |    26 |    66 |    27 ||   145
Block: Buckler           |    15 |    44 |   165 |    70 ||   294
       Reflection        |       |     2 |     3 |     3 ||     8
